AoeStats
← JohnLemond

Arabia

509795156Analyzed
1v1 RM · 4d ago on Sep 28, 2026· 57m 25s· 2 players
Game mode
Random Map
Map size
Tiny (2 player)
Population
200
Speed
Normal
Resources
Standard
Victory
Conquest
Starting age
Dark Age
Ending age
Imperial Age
RankedLock teamsTeams togetherTeam positionsShared explorationLock speedFull tech treeHidden civsTurbo modeCheats
Victory
Defeat
🇺🇸 Italians · United States
1097
+17
1123
-17
JohnLemond
6:57 Loom
10:06 Feudal Age
11:19 Double-Bit Axe
13:15 Fletching
15:27 Padded Archer Armor
22:44 Castle Age
21:49 Scale Barding Armor
23:28 Bodkin Arrow
22:58 Elite Skirmisher
24:44 Leather Archer Armor
26:19 Bloodlines
27:15 Wheelbarrow
29:03 Forging
31:12 Ballistics
40:43 Crossbowman
45:12 Imperial Age
45:56 Bracer
47:58 Thumb Ring
PFK | El Recogedor Birmano
9:54 Feudal Age
8:14 Loom
13:55 Fletching
19:22 Padded Archer Armor
25:00 Castle Age
23:15 Horse Collar
30:42 Imperial Age
29:21 Wheelbarrow
28:56 Pikeman
29:37 Squires
31:46 Capped Ram
33:00 Hand Cart
37:17 Town Watch
37:23 Halberdier
43:54 Town Watch
45:38 Man-at-Arms
50:11 Long Swordsman
52:47 Gambesons
54:09 Two-Handed Swordsman
Connection lost

Rejoining the realm…

Still unreachable

The connection could not be restored.

Session expired

The server has moved on; the page needs a fresh start.